 Dungeon Crawl Stone Soup version 0.32-a0-391-gce5c0aab1b (webtiles) character file.

Game seed: 1613233410047730909

159 cforsyth the Magician (level 5, -2/40 HPs)
             Began as a Djinni Fire Elementalist on Feb 19, 2024.
             Slain by Ijyb
             ... wielding a +5 club
              (6 damage)
             ... on level 3 of the Dungeon.
             The game lasted 00:01:49 (1395 turns).

cforsyth the Magician (Djinni Fire Elementalist)    Turns: 1395, Time: 00:01:51

Health: -2/40      AC:  2    Str:  7    XL:     5   Next: 68%
Gold:   34         EV:  9    Int: 18    God:
                   SH:  0    Dex: 14

rFire   + + .        (no weapon)
rCold   x . .        (no shield)
rNeg    . . .        a - +0 robe
rPois   ∞            (no helmet)
rElec   .            (no cloak)
rCorr   .            (no gloves)
SInv    .            (boots unavailable)
Will    .....        (no amulet)
Stlth   ++           (no ring)
HPRegen 0.26/turn    (no ring)
MPRegen 0.00/turn

%: infuse magic (-3 HP)
@: grasped by roots, flying, constricted
A: sickness immunity, fire resistance 2, cold vulnerability 1, float, innate
caster, HP casting, extra vitality 1
a: no special abilities


You were on level 3 of the Dungeon.
You visited 1 branch of the dungeon, and saw 3 of its levels.

You collected 34 gold pieces.


Innate Abilities, Weirdness & Mutations

You are immune to sickness and miasma.
You are immune to poison.
Your flesh is very heat resistant. (rF++)
You are vulnerable to cold. (rC-)
You float through the air rather than walking.
You learn spells naturally, not from books.
Your magical power is your life essence.
You have superior vitality. (+4 MHP)


   Skills:
 + Level 3.4 Fighting
 - Level 2.1 Dodging
 - Level 1.5 Stealth
 + Level 4.1 Spellcasting
 + Level 4.1 Conjurations
 + Level 4.1 Hexes
 + Level 4.1 Summonings
 + Level 4.1 Necromancy
 + Level 4.1 Translocations
 + Level 4.1 Fire Magic
 + Level 4.1 Ice Magic
 + Level 4.1 Air Magic
 + Level 4.1 Earth Magic
 + Level 4.1 Alchemy


You knew the following spells:

 Your Spells              Type           Power      Damage    Failure   Level
e - Ensorcelled Hibernat  Hex/Ice        36%        N/A       4%          2
f - Foxfire               Conj/Fire      72%        2x1d7     2%          1
r - Inner Flame           Hex/Fire       18%        N/A       8%          3
z - Summon Small Mammal   Summ           72%        N/A       2%          1
X - Scorch                Fire           36%        2d6       4%          2
Y - Volatile Blastmotes   Fire/Tloc      36%        2d13      8%          3
Z - Flame Wave            Conj/Fire      18%        2d7       26%         4
Your spell library was empty.

Inventory:

Armour
 a - a +0 robe (worn)
Magical Staves
 i - a staff of conjuration {!a}
Wands
 j - a wand of charming (8)
Scrolls
 d - a scroll of vulnerability {unknown}
 e - 2 scrolls of teleportation {unknown}
 f - 3 scrolls of identify {unknown}
 k - 2 scrolls of enchant armour {unknown}
Potions
 b - a potion of lignification {unknown}
 c - a potion of haste {unknown}
 g - a potion of heal wounds {unknown}
 h - a potion of magic {unknown}

Dungeon Overview and Level Annotations

Branches:
Dungeon (3/15)

Altars:

Annotations:
D:3 Ijyb

.............
..................#
..................###
.
#..................#..
#.....# .†.........
#.....# ..........
###.....# .........
........########g....#
................@..†.+
..........######.....#
..........# ......#
...#......# ....####
...#......# .....#
...#......# ......# ##
#......#.......#
#...###...#........
#... #...#


You could see Ijyb (combustible).


Message History

* * * LOW HITPOINT WARNING * * *
The foxfire hits Ijyb but does no damage.
Ijyb is almost dead.
The foxfire hits Ijyb but does no damage.
Ijyb is almost dead.
Ijyb hits you with a +5 club!
* * * LOW HITPOINT WARNING * * *
Unknown command.
Casting: Scorch (safe; 4% risk of failure)
Confirm with . or Enter, or press ? or * to list all spells.
Flames lash Ijyb but do no damage.
* * * LOW HITPOINT WARNING * * *
Ijyb barely misses you.
Casting: Scorch (safe; 4% risk of failure)
Confirm with . or Enter, or press ? or * to list all spells.
Flames lash the hobgoblin.
You kill the hobgoblin!
* * * LOW HITPOINT WARNING * * *
Ijyb zaps a wand.
The roots erupt in riotous growth!
The grasping roots grab you!
Ijyb is unaffected.
The grasping roots constrict you.
* * * LOW HITPOINT WARNING * * *
Unknown command.
Casting: Scorch (safe; 4% risk of failure)
Confirm with . or Enter, or press ? or * to list all spells.
Flames lash Ijyb but do no damage.
* * * LOW HITPOINT WARNING * * *
Ijyb hits you with a +5 club.
You die...
Ijyb moans, "Good help so hard to find!"

Skill      XL: |  1  2  3  4  5 |
---------------+----------------+-----
Fighting       | 1 2 3 |  3.4
Spellcasting   | 4 |  4.1
Conjurations   | 4 |  4.1
Hexes          | 4 |  4.1
Summonings     | 4 |  4.1
Necromancy     | 4 |  4.1
Translocations | 4 |  4.1
Fire Magic     | 4 |  4.1
Ice Magic      | 4 |  4.1
Air Magic      | 4 |  4.1
Earth Magic    | 4 |  4.1
Alchemy        | 4 |  4.1
Dodging        | |  2.1
Stealth        | |  1.5

Action                     |  1- 3 |  4- 6 || total
---------------------------+-------+-------++-------
  Melee: Unarmed           |     4 |       ||     4
   Cast: Foxfire           |    56 |    56 ||   112
         Scorch            |       |     4 ||     4
 Armour: Robe              |     3 |     7 ||    10
  Dodge: Dodged            |     7 |     2 ||     9

Levels and vault maps discovered:
D:1:      lightli_molten_gateway, layout_loops_ring, minmay_distorted
D:2:      layout_basic, kennysheep_generic_room_7
D:3:      layout_basic, led_sif_book, serial_curves, eino_curves_03,
          eino_curves_02, uniq_ijyb

Notes
Turn   | Place    | Note
-------+----------+-------------------------------------------
     0 | D:1      | cforsyth the Djinni Fire Elementalist began the quest for
                  | the Orb.
     0 | D:1      | cforsyth set off with the following spells memorised:
                  | Foxfire, Scorch, Volatile Blastmotes, Inner Flame, Flame
                  | Wave.
     0 | D:1      | Reached XP level 1. HP: 15/15 MP: 0/0
   110 | D:1      | Reached XP level 2. HP: 22/22 MP: 0/0
   116 | D:1      | Reached skill level 1 in Fighting
   715 | D:2      | Reached XP level 3. HP: 21/28 MP: 0/0
   715 | D:2      | Learned a level 1 spell: Summon Small Mammal
   944 | D:3      | Reached skill level 2 in Fighting
  1032 | D:3      | Reached XP level 4. HP: 31/34 MP: 0/0
  1096 | D:3      | Reached skill level 3 in Fighting
  1096 | D:3      | Reached XP level 5. HP: 26/40 MP: 0/0
  1096 | D:3      | Learned a level 2 spell: Ensorcelled Hibernation
  1209 | D:3      | Reached skill level 4 in Spellcasting
  1209 | D:3      | Reached skill level 4 in Conjurations
  1209 | D:3      | Reached skill level 4 in Hexes
  1209 | D:3      | Reached skill level 4 in Summonings
  1209 | D:3      | Reached skill level 4 in Necromancy
  1209 | D:3      | Reached skill level 4 in Translocations
  1209 | D:3      | Reached skill level 4 in Fire Magic
  1209 | D:3      | Reached skill level 4 in Ice Magic
  1209 | D:3      | Reached skill level 4 in Air Magic
  1209 | D:3      | Reached skill level 4 in Earth Magic
  1209 | D:3      | Reached skill level 4 in Alchemy
  1382 | D:3      | Noticed Ijyb
  1395 | D:3      | Slain by Ijyb

Vanquished Creatures
  A sleepcap (D:3)
  2 orc wizards (D:3)
  4 adders
  A ribbon worm (D:3)
  3 orcs (D:3)
  A ball python (D:1)
  2 bats
  2 endoplasms
  7 goblins
  2 hobgoblins (D:3)
  A rat (D:2)
26 creatures vanquished.

Vanquished Creatures (others)
  196 foxfires
196 creatures vanquished.

Grand Total: 222 creatures vanquished

Table legend: (Time is in decaauts)
 A = Elapsed time spent in this place.
 B = Non-inter-level travel time spent in this place.
 C = Inter-level travel time spent in this place.
 D = Time resting spent in this place.
 E = Time spent auto-exploring this place.
 F = Levels seen in this place.
 G = Mean time per level.
                   A        B        C        D        E       F      G
               +--------+--------+--------+--------+--------+-----+--------+
         Total |   1394 |   1364 |     30 |      0 |   1170 |   3 |  464.7 |
       Dungeon |   1394 |   1364 |     30 |      0 |   1170 |   3 |  464.7 |
               +--------+--------+--------+--------+--------+-----+--------+

Top non-repeatable levels by time:
     D:1: 670 daAuts
     D:3: 482 daAuts
     D:2: 241 daAuts

Table legend:
 A = Non-vault XP
 B = Vault XP
 C = Vault XP percentage of total XP
 D = Non-vault monster count
 E = Vault monster count
 F = Vault count percentage of total count
                 A         B        C        D         E       F
            +---------+---------+-------+---------+---------+-------
      Total |     150 |      78 |  34.2 |      22 |       4 |  15.4
            +---------+---------+-------+---------+---------+-------
        D:1 |      18 |       2 |  10.0 |       6 |       1 |  14.3
        D:2 |      16 |       3 |  15.8 |       2 |       1 |  33.3
        D:3 |     116 |      73 |  38.6 |      14 |       2 |  12.5
            +---------+---------+-------+---------+---------+-------
